 Dungeon Crawl Stone Soup version 0.16.1-17-g773cdaf (webtiles) character file.

42 masdan the Caller (level 3, -1/31 HPs)
             Began as an Ogre Summoner on Apr 22, 2015.
             Succumbed to poison (a potion of poison)
             ... on level 2 of the Dungeon.
             The game lasted 00:19:56 (2415 turns).

masdan the Caller (Ogre Summoner)                   Turns: 2415, Time: 00:19:57

Health: -1/31      AC:  4    Str: 13    XL:     3   Next: 54%
Magic:  3/6        EV: 10    Int: 15    God:
Gold:   83         SH:  0    Dex: 10    Spells: 3 memorised, 1 level left

rFire  . . .     SeeInvis .     u - +0 flail
rCold  . . .     Clarity  .     a - +0 robe
rNeg   . . .     SustAb   .     (shield restricted)
rPois  .         Gourm    .     (helmet restricted)
rElec  .         Spirit   .     y - +0 cloak (curse)
rCorr  .         Warding  .     (gloves unavailable)
rMut   .         Stasis   .     (boots unavailable)
MR     .....                    z - amulet of faith
Stlth  +.........               (no ring)
                                (no ring)

@: lethally poisoned (-1 -> -20), not resistant to hostile enchantments, very
unstealthy
A: unfitting armour, tough skin 1
a: no special abilities


You were on level 2 of the Dungeon.
You were not hungry.

You visited 1 branch of the dungeon, and saw 2 of its levels.

You collected 83 gold pieces.

Inventory:

Hand weapons
 d - a +0 club
 e - a +0 whip
 i - a +0 hunting sling
 j - a +0 dagger
 p - a +0 club
 s - a +0 short sword
 u - a +0 flail (weapon)
Missiles
 c - 3 stones
 h - 12 arrows of flame (quivered)
 q - 24 bolts
Armour
 a - a +0 robe (worn)
 g - a +0 leather armour
 k - a +0 pair of gloves
 t - a +0 robe
 v - a +0 chain mail
 x - a +0 pair of boots
 y - a cursed +0 cloak (worn)
Jewellery
 z - an amulet of faith (around neck)
Scrolls
 l - 2 scrolls of amnesia {unknown}
 m - 3 scrolls of remove curse {unknown}
 n - 3 scrolls of teleportation {unknown}
 o - 2 scrolls of identify {unknown}
Potions
 f - 2 potions of degeneration {unknown}
 w - a potion of lignification {unknown}
 B - a potion of cancellation {unknown}
Books
 b - a book of Callings

   Spells                             Type                      Level
   a - Summon Small Mammal            Summoning                    1
   b - Call Imp                       Summoning                    2
   c - Call Canine Familiar           Summoning                    3
   d - Summon Guardian Golem          Hexes/Summoning              4
   e - Summon Lightning Spire         Summoning/Air                4
   f - Summon Ice Beast               Ice/Summoning                4
Comestibles
 r - 2 slices of pizza


   Skills:
 + Level 1.5 Maces & Flails
 * Level 2.2 Dodging
 - Level 1.5 Stealth
 * Level 2.8 Spellcasting
 * Level 3.3 Summonings


You had one spell level left.
You knew the following spells:

 Your Spells              Type           Power        Failure   Level  Hunger
a - Summon Small Mammal   Summ           ##..         6%          1    #......
b - Call Imp              Summ           ##......     10%         2    ##.....
c - Call Canine Familiar  Summ           ##......     17%         3    ###....


Dungeon Overview and Level Annotations

Branches:
Dungeon (2/15)

Altars:
Makhleb


Innate Abilities, Weirdness & Mutations

You are too large for most types of armour.
You have tough skin (AC +1).


Message History

There is a lethal amount of poison in your body!
There is a lethal amount of poison in your body!
There is a lethal amount of poison in your body!
There is a lethal amount of poison in your body!
There is a lethal amount of poison in your body!
There is a lethal amount of poison in your body!
There is a lethal amount of poison in your body!
There is a lethal amount of poison in your body!
You feel a strange surge of divine interest.
z - an amulet of faith (around neck) It was a potion of poison.
That liquid tasted very nasty...
You are more poisoned.
* * * LOW HITPOINT WARNING * * *
You feel sick.
There is a lethal amount of poison in your body!
There is a lethal amount of poison in your body!
There is a lethal amount of poison in your body!
There is a lethal amount of poison in your body!
There is a lethal amount of poison in your body!
You die...

######### #.......>. #.# #.######
#.# #.##.... #.# #.##.###
##############%# #.##.###
#.........#..h.# #.#.....
##.........#....# #.#.)... ##
#............@..### #.#.....
.###.................#####.......
....>............................
.###.................#######.....
## #..........#...#### #..... #
##.<.......#...# ##.#.. #
#.........#...# #..... #
##.###.####...####### ##.#### #
#..# #..............####.)#


You could see a friendly hound.

Vanquished Creatures
  A worm (D:2)
  3 bats
  2 hobgoblins
  2 rats (D:2)
8 creatures vanquished.

Vanquished Creatures (collateral kills)
  Terence (D:2)
  An adder (D:2)
  A worm (D:2)
  A giant gecko (D:1)
  An ooze (D:1)
  4 giant cockroaches
  3 goblins
  A ball python (D:1)
  2 bats
  6 kobolds
  3 rats
24 creatures vanquished.

Vanquished Creatures (others)
  A crimson imp (D:2)
  3 rats (D:1)
4 creatures vanquished.

Grand Total: 36 creatures vanquished

Notes
Turn   | Place    | Note
--------------------------------------------------------------
     0 | D:1      | masdan, the Ogre Summoner, began the quest for the Orb.
     0 | D:1      | Reached XP level 1. HP: 16/16 MP: 3/3
    49 | D:1      | Reached skill level 3 in Summonings
   257 | D:1      | Reached skill level 1 in Maces & Flails
   363 | D:1      | Reached XP level 2. HP: 24/24 MP: 1/5
   372 | D:1      | Learned a level 2 spell: Call Imp
  1594 | D:2      | Noticed Terence
  1642 | D:2      | Killed Terence
  1642 | D:2      | Reached XP level 3. HP: 21/31 MP: 1/6
  1746 | D:2      | Learned a level 3 spell: Call Canine Familiar
  1872 | D:2      | Found a burning altar of Makhleb.
  2414 | D:2      | HP: 1/31 [poison (a potion of poison)]
  2415 | D:2      | Succumbed to poison (a potion of poison)

Action                   || total
-------------------------++-------
Melee: Whip              ||    26
       Unarmed           ||     1
       Flail             ||    10
 Cast: Summon Small Mamm ||    18
       Call Imp          ||    19
       Call Canine Famil ||     6
  Use: Potion            ||     1
  Eat: Fruit             ||     4
       Chunk             ||     1
       Meat ration       ||     1
